 Dungeon Crawl Stone Soup version 0.17-a0-1880-gacf7e67 (webtiles) character file.

164 GrandHerb the Poker (level 5, -13/41 HPs)
             Began as a Demonspawn Gladiator on Sept 21, 2015.
             Killed by divine providence
             ... invoked by an orc priest
              (14 damage)
             ... on level 3 of the Dungeon.
             The game lasted 00:15:46 (2448 turns).

GrandHerb the Poker (Demonspawn Gladiator)          Turns: 2448, Time: 00:15:46

Health: -13/41     AC:  7    Str: 15    XL:     5   Next: 21%
Magic:  5/5        EV: 12    Int: 10    God:
Gold:   109        SH:  0    Dex: 16    Spells: 0 memorised, 4 levels left

rFire  . . .     SeeInvis .     a - +0 trident
rCold  . . .     Clarity  .     h - +0 ring mail
rNeg   . . .     SustAt   .     (no shield)
rPois  .         Gourm    .     c - +0 helmet
rElec  .         Spirit   .     (no cloak)
rCorr  .         Warding  .     l - +0 pair of gloves
rMut   .         Stasis   .     (boots unavailable)
MR     .....                    (no amulet)
Stlth  +.........               (no ring)
                                (no ring)

@: not resistant to hostile enchantments, very unstealthy
A: talons 3, thin skeletal structure 1
a: no special abilities


You were on level 3 of the Dungeon.
You were not hungry.

You visited 1 branch of the dungeon, and saw 3 of its levels.

You collected 109 gold pieces.

Inventory:

Hand weapons
 a - a +0 trident (weapon)
Missiles
 d - 3 throwing nets (quivered)
 f - 3 javelins
Armour
 c - a +0 helmet (worn)
 h - a +0 ring mail (worn)
 l - a +0 pair of gloves (worn)
Scrolls
 i - 2 scrolls of identify
 j - a scroll of magic mapping
 p - a scroll of random uselessness {unknown}
 r - 2 scrolls of blinking {unknown}
 s - a scroll of noise {unknown}
Potions
 m - a potion of cure mutation {unknown}
 n - a potion of might {unknown}
Comestibles
 e - 2 bread rations
 g - a meat ration
 k - a royal jelly
 o - 2 fruits
 q - a beef jerky
 t - 2 chunks of flesh


   Skills:
 + Level 3.3 Fighting
 + Level 3.5 Polearms
 - Level 2.0 Throwing
 + Level 1.9 Armour
 + Level 3.3 Dodging


You had 4 spell levels left.
You didn't know any spells.

Dungeon Overview and Level Annotations

Branches:
Dungeon (3/15)

Altars:


Innate Abilities, Weirdness & Mutations

You have claws for feet.
You have a somewhat thin skeletal structure (Dex +2, Stealth).


Message History

You hit the orc priest but do no damage.
You claw the orc priest.
The orc priest is severely wounded.
The orc priest looks braver for a moment.
The orc priest hits you but does no damage.
The orc barely misses you.
You hit the orc priest.
You kill the orc priest!
You have reached level 5!
Your demonic ancestry asserts itself...
Your bones become slightly less dense.
The orc priest closely misses you. The orc hits you but does no damage.
A goblin comes into view. It is wielding a dagger.
Items here: ( )) † a short sword; a dagger; 5 tomahawks of returning; an orc corpse The goblin hits you with a dagger.
* * * LOW HITPOINT WARNING * * *
The orc priest mumbles some strange prayers to Beogh against you.
Something smites you!
You die...

........#.#.....#####'##......
..#######.#####............#..
#.# #............+.. #.#
#.>..........### #.#
#............#..
.#+####.#####............#<#
.........So)###....##).....#
.......####o# #....##...####
..........g@# #....##...# #
..?........## ####......# #
........... #......# #
#######.... #......# # #....
#......# # ...... #......# #
....... #.....[# # .......
#.>....# # ######## #


You could see an orc priest, an orc and a goblin.

Vanquished Creatures
  An orc wizard (D:3)
  An orc priest (D:3)
  5 gnolls
  2 worms
  A giant gecko (D:2)
  An orc (D:3)
  5 giant cockroaches
  3 hobgoblins
  2 jackals (D:3)
  2 quokkas
  A ball python (D:3)
  6 bats
  A giant newt (D:3)
  6 goblins
  7 kobolds
  7 rats
51 creatures vanquished.

Notes
Turn   | Place    | Note
--------------------------------------------------------------
     0 | D:1      | GrandHerb the Demonspawn Gladiator began the quest for the Orb.
     0 | D:1      | Reached XP level 1. HP: 16/16 MP: 1/1
   326 | D:1      | Gained mutation: You have sharp toenails. [demonic ancestry]
   326 | D:1      | Reached XP level 2. HP: 22/22 MP: 2/2
  1052 | D:2      | Reached skill level 3 in Polearms
  1259 | D:2      | Gained mutation: You have razor-sharp toenails. [demonic ancestry]
  1259 | D:2      | Reached XP level 3. HP: 28/28 MP: 3/3
  1287 | D:2      | Reached skill level 1 in Armour
  1921 | D:2      | Gained mutation: You have claws for feet. [demonic ancestry]
  1921 | D:2      | Reached XP level 4. HP: 14/34 MP: 4/4
  2446 | D:3      | Gained mutation: You have a somewhat thin skeletal structure (Dex +2, Stealth). [demonic ancestry]
  2446 | D:3      | Reached XP level 5. HP: 2/41 MP: 5/5
  2448 | D:3      | HP: 1/41 [goblin/dagger (1)]
  2448 | D:3      | Killed from afar by an orc priest

Vault maps used:
D:1:      minmay_arrival_plants_in_alcoves

Action                   |  1- 3 |  4- 6 || total
-------------------------+-------+-------++-------
Melee: Trident           |   154 |    48 ||   202
  Use: Scroll            |     3 |       ||     3
       Potion            |       |     2 ||     2
  Eat: Chunk             |     2 |     3 ||     5
